[Event "Titled Tuesday Blitz July 27 2021"]
[White "Perez Ponsa, Federico"]
[Black "Gabrielian, Artur"]
[WhiteFideId "117927"]
[BlackFideId "4131002"]
[WhiteElo "2672"]
[BlackElo "2523"]
[Result "1/2-1/2"]
[Round "04"]
[TimeControl "180+1"]
[Date "2021.07.27"]
[WhiteClock "0:00:03"]
[BlackClock "0:00:09"]

1. d4 Nf6 2. c4 c5 3. d5 e6 4. Nc3 exd5 5. cxd5 d6 6. Nf3 g6 7. Nd2 Nbd7 8. e4 Bg7 9. Be2 O-O 10. O-O Re8 11. a4 Ne5 12. Qc2 a6 13. Re1 Nfg4 14. Nd1 f5 15. h3 Nf6 16. f4 Nf7 17. Nc3 fxe4 18. Ndxe4 Bf5 19. Bf3 Nxe4 20. Nxe4 Qh4 21. Bd2 Re7 22. Re2 Rae8 23. Rae1 b5 24. axb5 axb5 25. Kh2 Bxe4 26. Rxe4 Rxe4 27. Rxe4 Qd8 28. Rxe8+ Qxe8 29. Bg4 Qe7 30. Be6 Qf6 31. b3 Qd4 32. Bc1 Bh6 33. g3 Bg7 34. Qe2 Kf8 35. h4 Bf6 36. f5 Ne5 37. fxg6 hxg6 38. Bh6+ Ke7 39. Qxb5 Ng4+ 40. Kh3 Nf2+ 41. Kg2 Qe4+ 42. Kxf2 Bd4+ 43. Kf1 Qf3+ 44. Ke1 Bc3+ 45. Bd2 Qe3+ 46. Kf1 Qf3+ 47. Ke1 Qe3+ 48. Kf1 Qf3+ 49. Ke1 1/2-1/2


[Site "https://www.chess.com"]

[Event "Titled Tuesday Blitz July 27 2021"]
[White "Potapova, Margarita"]
[Black "Rangel, Daniel"]
[WhiteFideId "14126869"]
[BlackFideId "2124475"]
[WhiteElo "2229"]
[BlackElo "2187"]
[Result "1/2-1/2"]
[Round "04"]
[TimeControl "180+1"]
[Date "2021.07.27"]
[WhiteClock "0:00:05"]
[BlackClock "0:00:12"]

1. Nf3 Nf6 2. b3 g6 3. Bb2 Bg7 4. g3 O-O 5. Bg2 d5 6. O-O c5 7. c4 d4 8. e3 Nc6 9. exd4 cxd4 10. Re1 Re8 11. Na3 e5 12. d3 e4 13. dxe4 Nxe4 14. Nb5 Nc3 15. Qd2 Rxe1+ 16. Rxe1 Bg4 17. Nxc3 dxc3 18. Bxc3 Qxd2 19. Bxd2 Rd8 20. Be3 Nb4 21. Bxa7 Nc2 22. Rc1 Bh6 23. Rxc2 Rd1+ 24. Bf1 Bh3 25. Kh1 Rxf1+ 26. Ng1 Bf5 27. Re2 Bg4 28. Re8+ Kg7 29. Kg2 Ra1 30. h3 Bd7 31. Re2 Bc6+ 32. Nf3 Rd1 33. Be3 Bxe3 34. fxe3 Rd3 35. Kf2 Rc3 36. Nd4 Be4 37. Nb5 Rd3 38. Nd4 f5 39. Nf3 Kf6 40. h4 Rd1 41. Nd2 Ra1 42. Nxe4+ fxe4 43. Rd2 Kf5 44. Kg2 Kg4 45. Rf2 g5 46. hxg5 Kxg5 47. Rc2 h5 48. c5 Kg4 49. b4 Re1 50. b5 Rxe3 51. c6 Rxg3+ 52. Kf2 bxc6 53. bxc6 Rf3+ 54. Kg2 Rf8 55. c7 Rc8 56. a4 h4 57. a5 h3+ 58. Kh2 Kf3 59. a6 e3 60. a7 e2 61. Rc3+ Kf2 62. Rc2 Kf1 63. a8=Q Rxa8 64. c8=Q Rxc8 65. Rxc8 e1=Q 66. Rf8+ Qf2+ 67. Rxf2+ Kxf2 68. Kxh3 1/2-1/2


[Site "https://www.chess.com"]

[Event "Titled Tuesday Blitz July 27 2021"]
[White "Pourkashiyan, Atousa"]
[Black "Vasquez Schroeder, Rodrigo"]
[WhiteFideId "12502014"]
[BlackFideId "3400042"]
[WhiteElo "2285"]
[BlackElo "2572"]
[Result "0-1"]
[Round "04"]
[TimeControl "180+1"]
[Date "2021.07.27"]
[WhiteClock "0:00:05"]
[BlackClock "0:00:38"]

1. e4 c5 2. Nf3 d6 3. d4 cxd4 4. Nxd4 Nf6 5. Nc3 a6 6. Be2 e6 7. O-O Be7 8. f4 O-O 9. Be3 Qc7 10. a4 b6 11. Bd3 Bb7 12. Qf3 Nbd7 13. Rae1 Nc5 14. Kh1 g6 15. Bg1 e5 16. Nde2 Kh8 17. Be3 Nxd3 18. cxd3 Kg7 19. Ng3 h6 20. Nge2 Rac8 21. Qh3 Rh8 22. Bf2 Qd7 23. Qf3 Qg4 24. Bxb6 Qxf3 25. Rxf3 Nd7 26. Be3 f5 27. Rff1 Bc6 28. Rc1 Rb8 29. Rc2 Rhf8 30. Rfc1 Rb7 31. Nd5 Bxd5 32. exd5 Nf6 33. fxe5 dxe5 34. Rc7 Rxc7 35. Rxc7 Nxd5 36. Rd7 Nxe3 37. Rxe7+ Kf6 38. Ra7 Rb8 39. Rxa6+ Kg5 40. h3 Rxb2 41. Nc3 Rc2 42. Nb5 Rc1+ 43. Kh2 Nf1+ 44. Kg1 Ng3+ 45. Kf2 Kf4 0-1


[Site "https://www.chess.com"]

[Event "Titled Tuesday Blitz July 27 2021"]
[White "Preotu, Razvan"]
[Black "Poormosavi, Seyed Kian"]
[WhiteFideId "2613280"]
[BlackFideId "12585807"]
[WhiteElo "2407"]
[BlackElo "2134"]
[Result "1-0"]
[Round "04"]
[TimeControl "180+1"]
[Date "2021.07.27"]
[WhiteClock "0:00:05"]
[BlackClock "0:00:20"]

1. e4 c5 2. Nf3 d6 3. Bb5+ Bd7 4. Bxd7+ Nxd7 5. O-O g6 6. c4 Ngf6 7. Nc3 Bg7 8. d3 O-O 9. a3 Ng4 10. h3 Nge5 11. Nh2 Nc6 12. f4 f5 13. Qe1 Nd4 14. Rf2 e5 15. Nd5 Nb6 16. fxe5 Nxd5 17. exd5 Bxe5 18. Nf3 Bg3 19. Nxd4 Bxf2+ 20. Qxf2 cxd4 21. Qxd4 Qf6 22. Qxf6 Rxf6 23. Bg5 Rf7 24. Re1 Rd7 25. Re6 Kf7 26. Rf6+ Kg7 27. Re6 h6 28. Bf4 Rad8 29. h4 a6 30. Kf2 Kf7 31. Bxh6 Re8 32. Rxe8 Kxe8 33. Bg5 b5 34. Ke3 Rb7 35. b4 bxc4 36. dxc4 a5 37. b5 a4 38. Kd4 Kd7 39. Kc3 Rc7 40. Kb4 Rc8 41. b6 Re8 42. Kxa4 Kc8 43. Kb5 Kb7 44. a4 Re2 45. a5 Rb2+ 46. Ka4 Rxg2 47. c5 dxc5 48. d6 Rg1 49. d7 Rg4+ 50. Kb5 Rd4 51. d8=Q Rxd8 52. Bxd8 f4 53. Bg5 f3 54. Be3 c4 55. a6+ Kb8 56. Kxc4 Ka8 57. Kd5 g5 58. hxg5 Kb8 59. Bf2 Ka8 60. Kc6 Kb8 61. g6 Ka8 62. g7 1-0


[Site "https://www.chess.com"]

[Event "Titled Tuesday Blitz July 27 2021"]
[White "Priasmoro, Novendra"]
[Black "Quparadze, Giga"]
[WhiteFideId "7105029"]
[BlackFideId "13602250"]
[WhiteElo "2309"]
[BlackElo "2658"]
[Result "0-1"]
[Round "04"]
[TimeControl "180+1"]
[Date "2021.07.27"]
[WhiteClock "0:01:34"]
[BlackClock "0:01:57"]

1. e4 c5 2. Nf3 e6 3. d4 cxd4 4. Nxd4 a6 5. Bd3 Nc6 6. Nxc6 dxc6 7. O-O e5 8. f4 Nf6 9. Kh1 Bc5 10. f5 h5 11. Bg5 h4 12. Nd2 Nh5 13. Qxh5 Rxh5 14. Bxd8 Kxd8 15. Nc4 f6 16. a4 Kc7 17. a5 Bd7 18. Rad1 Be8 19. Be2 Rh8 20. c3 Bf7 21. b4 Ba7 22. Nd6 Bb3 23. Rb1 Bg8 24. Rfd1 Rd8 25. Nxb7 Rxd1+ 26. Rxd1 Bb3 27. Rd7+ Kxd7 0-1


[Site "https://www.chess.com"]

[Event "Titled Tuesday Blitz July 27 2021"]
[White "Pridorozhni, Aleksei"]
[Black "Horobetz, Graham"]
[WhiteFideId "4127870"]
[BlackFideId "2047322"]
[WhiteElo "2565"]
[BlackElo "2624"]
[Result "1-0"]
[Round "04"]
[TimeControl "180+1"]
[Date "2021.07.27"]
[WhiteClock "0:01:09"]
[BlackClock "0:00:04"]

1. e4 c5 2. Nc3 g6 3. Nf3 Bg7 4. d4 cxd4 5. Nxd4 Nc6 6. Be3 Nf6 7. Nxc6 bxc6 8. e5 Nd5 9. Nxd5 cxd5 10. Qxd5 Rb8 11. O-O-O Bb7 12. Qc5 O-O 13. f4 d6 14. Qxa7 Qc8 15. Qd4 dxe5 16. fxe5 Qc7 17. Qc5 Bc6 18. Bf4 Qb7 19. b3 Rfc8 20. Qf2 Ra8 21. Kb1 Ra4 22. Bd3 Rca8 23. c4 Be4 24. Rhe1 Rxc4 25. Rxe4 Rxe4 26. Qf3 Qa7 27. Qxe4 Qxa2+ 28. Kc1 Rc8+ 29. Bc2 Qa1+ 30. Kd2 Qa5+ 31. Ke2 f5 32. exf6 Bxf6 33. Qe6+ Kg7 34. Qxc8 Qh5+ 35. Kf1 1-0


[Site "https://www.chess.com"]

[Event "Titled Tuesday Blitz July 27 2021"]
[White "Pruijssers, Roeland"]
[Black "Palchuk, Andrii"]
[WhiteFideId "1013068"]
[BlackFideId "14176688"]
[WhiteElo "2545"]
[BlackElo "2284"]
[Result "0-1"]
[Round "04"]
[TimeControl "180+1"]
[Date "2021.07.27"]
[WhiteClock "0:00:02"]
[BlackClock "0:00:22"]

1. f4 Nf6 2. Nf3 g6 3. g3 Bg7 4. Bg2 O-O 5. O-O d5 6. d3 c5 7. Qe1 Nc6 8. e4 dxe4 9. dxe4 e5 10. f5 Nd4 11. Na3 Nxf3+ 12. Bxf3 gxf5 13. exf5 Bxf5 14. Bxb7 Bh3 15. Bg2 Bxg2 16. Kxg2 Qd5+ 17. Kg1 Ne4 18. Qe2 f5 19. Nc4 Rae8 20. Ne3 Qd7 21. b3 Kh8 22. Bb2 f4 23. Nc4 Ng5 24. Nxe5 Qd5 25. Qg2 Qxg2+ 26. Kxg2 Bxe5 27. Bxe5+ Rxe5 0-1


[Site "https://www.chess.com"]

[Event "Titled Tuesday Blitz July 27 2021"]
[White "Prydun, Andriy"]
[Black "Assaubayeva, Bibisara"]
[WhiteFideId "14145898"]
[BlackFideId "13708694"]
[WhiteElo "2024"]
[BlackElo "2232"]
[Result "0-1"]
[Round "04"]
[TimeControl "180+1"]
[Date "2021.07.27"]
[WhiteClock "0:00:02"]
[BlackClock "0:00:06"]

1. d4 Nf6 2. Nc3 d5 3. Bf4 Bf5 4. f3 c5 5. e4 dxe4 6. Nb5 Na6 7. dxc5 Nd5 8. Bg3 Ne3 9. Qe2 Nxf1 10. Kxf1 e3 11. Qxe3 e6 12. Nd6+ Bxd6 13. Bxd6 b6 14. Qc3 f6 15. Qc4 Nxc5 16. Bxc5 bxc5 17. Ne2 O-O 18. g4 Bg6 19. Qxe6+ Kh8 20. Qc4 Qd2 21. Kf2 Rfe8 22. Rhe1 Bxc2 23. Qc3 Rad8 24. Rac1 Ba4 25. Qc4 Bc6 26. Qxc5 Ba8 27. Rc2 Qd3 28. Rc3 Qa6 29. Ra3 Qb7 30. Qxa7 Qxb2 31. Rb3 Qc2 32. Rc3 Rxe2+ 33. Rxe2 Qxc3 34. Qd7 Qxf3+ 35. Ke1 Qxe2+ 0-1


[Site "https://www.chess.com"]

[Event "Titled Tuesday Blitz July 27 2021"]
[White "Quintiliano Pinto, Renato R."]
[Black "Onyshchuk, Volodymyr"]
[WhiteFideId "2117568"]
[BlackFideId "14114038"]
[WhiteElo "2439"]
[BlackElo "2603"]
[Result "0-1"]
[Round "04"]
[TimeControl "180+1"]
[Date "2021.07.27"]
[WhiteClock "0:00:15"]
[BlackClock "0:01:29"]

1. Nf3 g6 2. d4 Bg7 3. c4 d6 4. Nc3 e5 5. e4 exd4 6. Nxd4 Ne7 7. Be2 Nbc6 8. Be3 O-O 9. O-O f5 10. Nxc6 bxc6 11. exf5 Nxf5 12. Bd2 d5 13. cxd5 cxd5 14. Bf3 c6 15. Rc1 Nd4 16. Bg4 Ba6 17. Re1 Qd6 18. Be3 Nf5 19. Bxf5 Rxf5 20. Ne4 Qf8 21. Nc5 Bc8 22. Bd4 Rb8 23. Rc2 Rb4 24. Bxg7 Kxg7 25. Ne6+ Bxe6 26. Rxe6 c5 27. Rxc5 Qxc5 0-1


[Site "https://www.chess.com"]

[Event "Titled Tuesday Blitz July 27 2021"]
[White "Radu, David Cr."]
[Black "Flores Quillas, Diego Saul Rodri"]
[WhiteFideId "1265717"]
[BlackFideId "3822508"]
[WhiteElo "1661"]
[BlackElo "2071"]
[Result "1-0"]
[Round "04"]
[TimeControl "180+1"]
[Date "2021.07.27"]
[WhiteClock "0:00:35"]
[BlackClock "0:00:03"]

1. e4 c5 2. f4 Nc6 3. Nf3 g6 4. c3 d5 5. e5 Bg7 6. d4 Nh6 7. Bb5 cxd4 8. cxd4 O-O 9. O-O Bg4 10. Bxc6 bxc6 11. Nc3 Rc8 12. Na4 f6 13. Nc5 fxe5 14. fxe5 Qb6 15. h3 Bxf3 16. Rxf3 Rxf3 17. Qxf3 Nf5 18. Qf2 Rf8 19. Nd7 Qxd4 20. Nxf8 Kxf8 21. Qxd4 Nxd4 22. Kf2 Bxe5 23. Be3 Nc2 24. Rc1 Nxe3 25. Kxe3 Bxb2 26. Rxc6 a5 27. Rc5 d4+ 28. Ke4 Bc3 29. a4 Kf7 30. g4 h6 31. Rc6 e6 32. h4 Kf6 33. Rc8 Bb2 34. Rh8 Kg7 35. Ra8 Bc3 36. g5 hxg5 37. hxg5 Bd2 38. Kxd4 Bxg5 39. Rxa5 Bf4 40. Ke4 Bd6 41. Rb5 Bb4 42. Rxb4 1-0


[Site "https://www.chess.com"]

[Event "Titled Tuesday Blitz July 27 2021"]
[White "Rodriguez Hernandez, Luis Daniel"]
[Black "Kalashian, David"]
[WhiteFideId "3506770"]
[BlackFideId "13302418"]
[WhiteElo "2133"]
[BlackElo "2490"]
[Result "0-1"]
[Round "04"]
[TimeControl "180+1"]
[Date "2021.07.27"]
[WhiteClock "0:00:01"]
[BlackClock "0:00:36"]

1. e4 c6 2. d4 g6 3. Nc3 Bg7 4. h3 d6 5. a4 Nf6 6. Be3 O-O 7. Nf3 Nbd7 8. Qd2 e5 9. Be2 exd4 10. Nxd4 Re8 11. Bf3 Nc5 12. Bg5 Nfxe4 13. Bxd8 Nxd2+ 14. Kxd2 Rxd8 15. Nde2 d5 16. Ra3 Bf5 17. b4 Ne4+ 18. Bxe4 dxe4+ 19. Kc1 Bh6+ 20. Kb1 e3 21. g4 Be6 22. f4 Bc4 23. Re1 Bf8 24. Kb2 Bxb4 25. Raa1 Rd2 26. Nc1 Re8 27. N1a2 Bc5 28. Nb1 Rh2 29. Nc1 Rxh3 30. a5 Rg3 31. Ra4 Bb5 32. Ra1 Rxg4 33. Nb3 Bb4 34. Nc3 Rxf4 35. Rh1 Bxc3+ 36. Kxc3 e2 37. Rae1 Rf1 38. Kd2 Rd8+ 39. Kc1 Rxh1 40. Rxh1 h5 41. Re1 h4 42. Nd2 h3 43. c4 Bxc4 44. Nxc4 Rd1+ 45. Rxd1 exd1=Q+ 46. Kxd1 h2 47. Nd6 h1=Q+ 48. Kc2 Qh2+ 0-1


[Site "https://www.chess.com"]

[Event "Titled Tuesday Blitz July 27 2021"]
[White "Sadhwani, Raunak"]
[Black "Grigorjev, Iljya"]
[WhiteFideId "35093487"]
[BlackFideId "24159565"]
[WhiteElo "2514"]
[BlackElo "2142"]
[Result "1-0"]
[Round "04"]
[TimeControl "180+1"]
[Date "2021.07.27"]
[WhiteClock "0:00:30"]
[BlackClock "0:00:01"]

1. b3 Nf6 2. Bb2 g6 3. Nf3 Bg7 4. g3 O-O 5. Bg2 d5 6. c4 dxc4 7. bxc4 c5 8. O-O Nc6 9. d3 Rb8 10. Nbd2 Bd7 11. Ne5 Qc7 12. Nxd7 Qxd7 13. Rb1 b6 14. Nf3 Ne8 15. Qb3 Nc7 16. Rfd1 Ne6 17. e3 Rfd8 18. Bxg7 Kxg7 19. Qc3+ Kg8 20. Rd2 a6 21. h4 b5 22. h5 bxc4 23. Rxb8 Rxb8 24. dxc4 Qc7 25. h6 Rd8 26. Bh3 Rxd2 27. Qxd2 Qd6 28. Qb2 f6 29. Qb6 Kf7 30. Bxe6+ Qxe6 31. Qxc5 g5 32. Nd4 Nxd4 33. Qxd4 Kg6 34. c5 Kxh6 35. Qd8 Kg6 36. Qd3+ Kg7 37. Qc3 Qc6 38. Qd4 Kf7 39. a4 h6 40. Qb4 Ke6 41. Qc4+ Kd7 42. e4 e6 43. Qd4+ Ke7 44. a5 e5 45. Qc4 Ke8 46. g4 Ke7 47. Qd5 Qxd5 48. exd5 Kd7 49. f3 1-0


[Site "https://www.chess.com"]

[Event "Titled Tuesday Blitz July 27 2021"]
[White "Sadovsky, Artem"]
[Black "Haitin, Ilja"]
[WhiteFideId "4155840"]
[BlackFideId "4501764"]
[WhiteElo "2442"]
[BlackElo "2165"]
[Result "1-0"]
[Round "04"]
[TimeControl "180+1"]
[Date "2021.07.27"]
[WhiteClock "0:00:07"]
[BlackClock "0:00:01"]

1. Nf3 d5 2. g3 c5 3. Bg2 Nf6 4. O-O e6 5. d3 Be7 6. Nbd2 O-O 7. e4 Nc6 8. c3 b5 9. e5 Nd7 10. d4 b4 11. Qe2 a5 12. Rd1 bxc3 13. bxc3 cxd4 14. cxd4 Ba6 15. Qe3 Nb4 16. Ne1 Nb6 17. a3 Nc6 18. Nd3 Nc4 19. Nxc4 Bxc4 20. Nc5 Bxc5 21. dxc5 Rb8 22. Qf4 Rb3 23. Be3 Qb8 24. Rac1 Qxe5 25. Qxe5 Nxe5 26. Bd4 Nd3 27. Rb1 Rxb1 28. Rxb1 Rc8 29. Bf1 e5 30. Bh3 Rf8 31. c6 exd4 32. c7 Ba6 33. Rb6 Nc5 34. Rc6 d3 35. Rxc5 d2 36. Bg4 f5 37. Bd1 Rc8 38. f4 Bc4 39. Kf2 Kf7 40. Ke3 Ke7 41. Kxd2 Kd6 42. Rxa5 Rxc7 43. Bc2 Rb7 44. Bxf5 g6 45. Bc2 Rb2 46. Kc3 Ra2 47. Bd3 Bxd3 48. Kxd3 Rxh2 49. Ke3 Rg2 50. Kf3 Ra2 51. Kg4 d4 52. Kf3 Rb2 53. Ke4 Rg2 54. Ra6+ Kc5 55. Ra5+ Kc4 56. Ra4+ Kc5 57. Ra5+ Kc4 58. Ra4+ Kc5 59. Rxd4 Rxg3 60. a4 Ra3 61. Rd5+ Kc6 62. Rd4 Kc5 63. Rd5+ Kc6 64. Ra5 Kb6 65. Ra8 Kb7 66. Ra5 Kb6 67. Ra8 Kb7 68. Rh8 Rxa4+ 69. Ke5 Ra5+ 70. Ke4 Ra4+ 71. Kf3 Kc6 72. Rxh7 Kd5 73. Rh6 Ra3+ 74. Kg4 Ra6 75. Kg5 Ke4 76. f5 Ra5 77. Rh4+ Ke5 78. Kxg6 1-0


[Site "https://www.chess.com"]

[Event "Titled Tuesday Blitz July 27 2021"]
[White "Sanal, Vahap"]
[Black "Salinas Herrera, Pablo"]
[WhiteFideId "6300545"]
[BlackFideId "3407128"]
[WhiteElo "2495"]
[BlackElo "2541"]
[Result "0-1"]
[Round "04"]
[TimeControl "180+1"]
[Date "2021.07.27"]
[WhiteClock "0:00:45"]
[BlackClock "0:00:23"]

1. Nf3 d5 2. g3 Bg4 3. Bg2 Nf6 4. O-O e6 5. d3 c5 6. c4 Nc6 7. cxd5 Nxd5 8. Qa4 Bxf3 9. Bxf3 Be7 10. Nc3 O-O 11. Nxd5 exd5 12. Qb3 Nd4 13. Qxb7 Nxf3+ 14. exf3 Bf6 15. Qc6 Rc8 16. Qa4 Qb6 17. Rb1 c4 18. dxc4 Rxc4 19. Qd1 d4 20. b3 Rc6 21. Bb2 Qa6 22. a4 Rb8 23. Ba1 h6 24. Re1 Rd8 25. b4 Rc4 26. Qb3 Rdc8 27. b5 Qd6 28. a5 R4c5 29. Qd3 Qd8 30. b6 Rxa5 31. b7 Rb8 32. Rec1 g6 33. Rc6 Rxa1 34. Rxa1 Rxb7 35. Qa6 Rb6 36. Rxb6 axb6 37. Qa8 Qxa8 38. Rxa8+ Kg7 39. Rb8 d3 40. Rxb6 d2 41. Rd6 Bc3 42. Kf1 Bb4 43. Ke2 Bxd6 0-1


[Site "https://www.chess.com"]

[Event "Titled Tuesday Blitz July 27 2021"]
[White "Sapunov, Evgeny"]
[Black "Arnold, Ken"]
[WhiteFideId "4126661"]
[BlackFideId "2056836"]
[WhiteElo "2470"]
[BlackElo "2514"]
[Result "1-0"]
[Round "04"]
[TimeControl "180+1"]
[Date "2021.07.27"]
[WhiteClock "0:01:07"]
[BlackClock "0:00:41"]

1. c4 e6 2. Nf3 Nf6 3. Nc3 d5 4. d4 Be7 5. Bg5 Nbd7 6. e3 c6 7. Qc2 O-O 8. Bd3 Re8 9. O-O b6 10. cxd5 exd5 11. Rfd1 Bb7 12. Rac1 h6 13. Bf4 Nf8 14. h3 Bd6 15. Ne5 Ne6 16. Bh2 Rc8 17. Bf5 a5 18. a3 b5 19. Qb1 Qe7 20. Ne2 Bxe5 21. Bxe5 Nd7 22. Bh2 Nb6 23. Nf4 Nc4 24. Nd3 Nd6 25. Bg4 Ne4 26. Rc2 Nf6 27. Bf5 g6 28. Bxe6 Qxe6 29. Rdc1 Nd7 30. b3 Ba6 31. Nc5 Nxc5 32. Rxc5 b4 33. a4 Bb7 34. Rxa5 f5 35. Be5 Ra8 36. Rac5 Rec8 37. Qd3 Ba6 38. Qd2 Rab8 39. e4 Rb7 40. exd5 1-0


[Site "https://www.chess.com"]

[Event "Titled Tuesday Blitz July 27 2021"]
[White "Sarana, Alexey"]
[Black "Devaev, Alexander"]
[WhiteFideId "24133795"]
[BlackFideId "4169395"]
[WhiteElo "2646"]
[BlackElo "2185"]
[Result "1-0"]
[Round "04"]
[TimeControl "180+1"]
[Date "2021.07.27"]
[WhiteClock "0:01:32"]
[BlackClock "0:00:02"]

1. e4 c6 2. Nc3 d5 3. Nf3 dxe4 4. Nxe4 Nf6 5. Qe2 Nxe4 6. Qxe4 Qd5 7. Qh4 Bf5 8. Bc4 Qd8 9. Qf4 e6 10. c3 Bd6 11. Qe3 O-O 12. d4 Nd7 13. O-O Qc7 14. h3 e5 15. Rd1 Rae8 16. Bb3 c5 17. dxc5 Nxc5 18. Bd5 Be6 19. Bxe6 Rxe6 20. Qe2 Rfe8 21. Be3 a6 22. Rd5 h6 23. Rad1 Bf8 24. Nh4 Rd6 25. Rxd6 Bxd6 26. Nf5 Bf8 27. Qg4 Kh8 28. Bxc5 Qxc5 29. Rd7 e4 30. Rxf7 Qe5 31. Nxh6 gxh6 32. Qg6 1-0


[Site "https://www.chess.com"]

[Event "Titled Tuesday Blitz July 27 2021"]
[White "Seletsky, Grigory"]
[Black "Hasangatin, Ramil"]
[WhiteFideId "14112191"]
[BlackFideId "4122160"]
[WhiteElo "2492"]
[BlackElo "2375"]
[Result "0-1"]
[Round "04"]
[TimeControl "180+1"]
[Date "2021.07.27"]
[WhiteClock "0:00:38"]
[BlackClock "0:00:47"]

1. d4 d6 2. c4 e5 3. Nc3 exd4 4. Qxd4 Nc6 5. Qd2 Nf6 6. b3 Be6 7. Bb2 d5 8. cxd5 Nxd5 9. Nxd5 Qxd5 10. Qxd5 Bxd5 11. O-O-O O-O-O 12. f3 Nb4 13. Rxd5 Nxd5 14. Nh3 Ne3 15. Nf2 f6 16. Nd3 Be7 17. Kd2 Bc5 18. b4 Bb6 19. a4 Rhe8 20. a5 Bd4 21. Bc3 Nxf1+ 22. Rxf1 Bxc3+ 23. Kxc3 Rxe2 24. Nf4 Red2 25. h4 R2d6 26. g3 Kd7 27. h5 Re8 28. Rf2 Re3+ 29. Kc4 b6 30. a6 Re5 31. g4 b5+ 32. Kc3 Rxa6 33. Nd3 Rc6+ 34. Kb2 Re3 35. Rd2 Kc8 36. Nc5 Rxf3 37. Re2 Rxc5 38. bxc5 Kd7 39. Rd2+ Kc6 40. Re2 Rf4 41. g5 fxg5 42. Re7 Rh4 43. Rxg7 Rxh5 44. Kb3 a5 45. Rg8 Kxc5 46. Rg7 c6 47. Kc2 Rh2+ 48. Kd3 h6 49. Ke4 a4 0-1


[Site "https://www.chess.com"]

[Event "Titled Tuesday Blitz July 27 2021"]
[White "Shevchenko, Kirill"]
[Black "Mkrtchian, Lilit"]
[WhiteFideId "14129574"]
[BlackFideId "13300601"]
[WhiteElo "2569"]
[BlackElo "2319"]
[Result "1-0"]
[Round "04"]
[TimeControl "180+1"]
[Date "2021.07.27"]
[WhiteClock "0:00:33"]
[BlackClock "0:00:02"]

1. d4 Nf6 2. c4 e6 3. Nc3 Bb4 4. Nf3 b6 5. Qb3 c5 6. dxc5 Bxc5 7. Bg5 Bb7 8. e3 Be7 9. Rd1 d6 10. Be2 Nbd7 11. O-O a6 12. Bh4 Qc7 13. Qc2 O-O 14. h3 Rac8 15. Bg3 Bxf3 16. Bxf3 Qxc4 17. Bxd6 Bxd6 18. Rxd6 Ne5 19. Be2 Qc7 20. Rfd1 b5 21. a3 Qb7 22. Qb3 h6 23. a4 Nc4 24. Bxc4 Rxc4 25. axb5 axb5 26. R1d4 Rfc8 27. Rxc4 Rxc4 28. Rd8+ Kh7 29. Qc2+ g6 30. Qd3 Qc6 31. Ne2 b4 32. Nf4 Kg7 33. Rd6 Rc1+ 34. Kh2 Qc7 35. Qd4 Rc2 36. Kg1 Rc1+ 37. Kh2 Qc5 38. Nxe6+ fxe6 39. Rd7+ 1-0


[Site "https://www.chess.com"]

[Event "Titled Tuesday Blitz July 27 2021"]
[White "Shkapenko, Pavel"]
[Black "Sorokin, Aleksey"]
[WhiteFideId "4151933"]
[BlackFideId "24176460"]
[WhiteElo "2386"]
[BlackElo "2476"]
[Result "1-0"]
[Round "04"]
[TimeControl "180+1"]
[Date "2021.07.27"]
[WhiteClock "0:00:19"]
[BlackClock "0:00:32"]

1. e4 c6 2. d4 d5 3. e5 Bf5 4. h4 h5 5. Bd3 Bxd3 6. Qxd3 e6 7. Bg5 Be7 8. Nf3 Nh6 9. Nc3 Nf5 10. Ne2 c5 11. c4 Nc6 12. Bxe7 Nfxe7 13. dxc5 Qa5+ 14. Nc3 d4 15. Nxd4 Rd8 16. Nxc6 Nxc6 17. Qg3 O-O 18. O-O Qxc5 19. b3 Nxe5 20. Ne4 Qd4 21. Nf6+ Kh8 22. Nxh5 Ng6 23. Kh2 Qxh4+ 24. Qxh4 Nxh4 25. Rad1 Nf5 26. Nf4 g5 27. Nd3 Kg7 28. g3 b6 29. Ne5 Kf6 30. Nc6 Rc8 31. Nxa7 Ra8 32. Rd7 g4 33. Kg2 Rh8 34. a4 Rh3 35. Rh1 Rah8 36. Rxh3 gxh3+ 37. Kh2 e5 38. Nb5 Ke6 39. Rb7 Nd4 40. Rxb6+ Kf5 41. Nxd4+ exd4 42. Rd6 Ke4 43. c5 d3 44. b4 Ra8 45. a5 Rb8 46. a6 Rxb4 47. c6 Rb6 48. a7 Ra6 49. c7 Rxd6 50. c8=Q d2 51. a8=Q+ 1-0


[Site "https://www.chess.com"]

[Event "Titled Tuesday Blitz July 27 2021"]
[White "Shtyka, Sergey"]
[Black "tapu2"]
[WhiteFideId "4138465"]
[WhiteElo "2064"]
[BlackElo "2670"]
[Result "1/2-1/2"]
[Round "04"]
[TimeControl "180+1"]
[Date "2021.07.27"]
[WhiteClock "0:00:10"]
[BlackClock "0:00:23"]

1. e4 c6 2. Nf3 d5 3. Nc3 dxe4 4. Nxe4 Nf6 5. Nxf6+ exf6 6. g3 Bd6 7. Bg2 O-O 8. O-O Na6 9. d4 Nc7 10. Re1 Bg4 11. c3 Qd7 12. Qa4 Rfe8 13. Bd2 a6 14. Rxe8+ Rxe8 15. Re1 Rd8 16. Qb3 b5 17. a4 Nd5 18. axb5 axb5 19. Nh4 Be6 20. Qc2 g5 21. Nf3 h5 22. h4 g4 23. Nh2 f5 24. Nf1 f4 25. Be4 Re8 26. Qc1 f3 27. Bxd5 Bxd5 28. Rxe8+ Qxe8 29. Bf4 Be7 30. Ne3 Be6 31. Qc2 Qd7 32. Qe4 Qa7 33. Qxc6 Qa1+ 34. Kh2 Qxb2 35. Kg1 Qb1+ 36. Kh2 Qe1 37. Qxb5 Qxf2+ 38. Kh1 Qe1+ 39. Kh2 Qxc3 40. d5 Bf5 41. Qe8+ Bf8 42. Bh6 Qd2+ 43. Kh1 Qe1+ 44. Kh2 Qe2+ 45. Kh1 Qe1+ 46. Kh2 Qe2+ 47. Kh1 Qe1+ 1/2-1/2


[Site "https://www.chess.com"]

[Event "Titled Tuesday Blitz July 27 2021"]
[White "Sokolin, Leonid"]
[Black "Ulko, Jaroslav"]
[WhiteFideId "2009161"]
[BlackFideId "4116658"]
[WhiteElo "2394"]
[BlackElo "2304"]
[Result "0-1"]
[Round "04"]
[TimeControl "180+1"]
[Date "2021.07.27"]
[WhiteClock "0:00:08"]
[BlackClock "0:00:08"]

1. e4 c5 2. Nf3 e6 3. d4 cxd4 4. Nxd4 a6 5. c4 Nf6 6. Nc3 Qc7 7. Be2 d6 8. O-O b6 9. a4 Bb7 10. f3 Nbd7 11. Be3 Be7 12. Rc1 O-O 13. b4 Rac8 14. Nb3 Qb8 15. a5 bxa5 16. Nxa5 Ba8 17. Qa4 Bd8 18. Kh1 Bb6 19. Bxb6 Qxb6 20. Rfd1 Rfd8 21. Bf1 h5 22. Qa3 h4 23. Na4 Qb8 24. c5 dxc5 25. bxc5 Ne5 26. Nb6 Rxd1 27. Rxd1 Rd8 28. Qc1 h3 29. Nxa8 Qxa8 30. Rd6 hxg2+ 31. Bxg2 Ng6 32. Qd2 Rc8 33. c6 Qb8 34. Nb7 Kh7 35. f4 e5 36. f5 Nf4 37. Bf3 Qc7 38. Qf2 Kg8 39. h4 a5 40. Qb2 Qe7 41. Qb6 N6h5 42. Rd8+ Kh7 43. Bxh5 Qxh4+ 44. Kg1 Qxh5 0-1


[Site "https://www.chess.com"]

[Event "Titled Tuesday Blitz July 27 2021"]
[White "Spata, German"]
[Black "Quirke, Jeffrey"]
[WhiteFideId "113026"]
[BlackFideId "2013029"]
[WhiteElo "2238"]
[BlackElo "2261"]
[Result "1/2-1/2"]
[Round "04"]
[TimeControl "180+1"]
[Date "2021.07.27"]
[WhiteClock "0:00:18"]
[BlackClock "0:00:59"]

1. d4 d5 2. Nc3 c6 3. Bf4 Bf5 4. e3 e6 5. f3 Nf6 6. g4 Bg6 7. Bd3 Bxd3 8. Qxd3 Be7 9. h4 h5 10. g5 Nfd7 11. Nge2 g6 12. Kf2 Na6 13. a3 Nb6 14. Be5 Rg8 15. e4 Nc4 16. Rab1 Nxe5 17. dxe5 dxe4 18. Qxd8+ Rxd8 19. Nxe4 Nc5 20. N2c3 Nxe4+ 21. Nxe4 Kd7 22. Ke2 Kc7 23. Rhd1 Rxd1 24. Rxd1 Rd8 25. Rb1 b6 26. Rd1 Rxd1 27. Kxd1 c5 28. c4 Kc6 29. Kd2 a6 30. Kd3 b5 31. b3 Kc7 32. Nc3 Kc6 33. Ne4 Kc7 34. Nc3 Kc6 35. Ne4 1/2-1/2


[Site "https://www.chess.com"]

[Event "Titled Tuesday Blitz July 27 2021"]
[White "Srihari L R"]
[Black "Indjic, Aleksandar"]
[WhiteFideId "46617116"]
[BlackFideId "911925"]
[WhiteElo "2121"]
[BlackElo "2643"]
[Result "0-1"]
[Round "04"]
[TimeControl "180+1"]
[Date "2021.07.27"]
[WhiteClock "0:01:52"]
[BlackClock "0:01:45"]

1. d4 Nf6 2. c4 c5 3. Nf3 e6 4. Nc3 cxd4 5. Nxd4 Nc6 6. g3 Qb6 7. Nb3 Ne5 8. Be3 Qc6 9. f3 Nxc4 10. Bc1 Bb4 11. e4 Nxb2 12. Bxb2 Bxc3+ 13. Bxc3 Qxc3+ 14. Kf2 Qb2+ 15. Be2 d5 16. Nc5 O-O 17. Rb1 Qa3 18. Qd4 b6 19. Nd3 dxe4 20. fxe4 Bb7 21. Rb3 Nxe4+ 0-1


[Site "https://www.chess.com"]